 Seeded DCSS version 0.29-a0-559-g359e09b9d1 (webtiles) character file.

Game seed: 13571357097206540364 (custom seed)

2 zeratav the Chiller (level 1, 15/15 HPs)
             Began as a Naga Ice Elementalist on June 10, 2022.
             Quit the game on level 1 of the Dungeon.
             The game lasted 00:00:37 (139 turns).

zeratav the Chiller (Naga Ice Elementalist)          Turns: 139, Time: 00:00:38

Health: 15/15      AC:  5    Str: 10    XL:     1   Next: 40%
Magic:  12/12      EV:  7    Int: 15    God:
Gold:   7          SH:  0    Dex: 11    Spells: 3/4 levels left

rFire   . . .      SeeInvis +   (no weapon)
rCold   . . .      Faith    .   (no shield)
rNeg    . . .      Spirit   .   a - +0 robe
rPois   +          Reflect  .   (no helmet)
rElec   .          Harm     .   (no cloak)
rCorr   .          Rampage  .   (no gloves)
Will    .....                   f - +0 barding "Igysam" {MP+9}
Stlth   ++........              (no amulet)
HPRegen 0.05/turn               (no ring)
MPRegen 0.13/turn               (no ring)

@: very slow
A: AC +0, large, see invisible, deformed body, poison resistance, slowness 2,
spit poison 1, naga tail 1
a: Spit Poison


You were on level 1 of the Dungeon.
You visited 1 branch of the dungeon, and saw 1 of its levels.

You collected 7 gold pieces.


Innate Abilities, Weirdness & Mutations

Your serpentine skin is tough. (AC +0)
You have supernaturally acute eyesight. (SInv)
Armour fits poorly on your strangely shaped body.
Your system is resistant to poisons. (rPois)
You cover ground very slowly.
You can spit poison.
You have a snake-like lower body.


   Skills:
 + Level 1.6 Dodging
 + Level 3.1 Stealth
 + Level 2.0 Spellcasting
 + Level 4.0 Ice Magic


You had 3 spell levels left.
You knew the following spells:

 Your Spells              Type           Power      Damage    Failure   Level
a - Freeze                Ice            52%        1d7       4%          1

Your spell library contained the following spells:

 Spells                   Type           Power      Damage    Failure   Level
 Frozen Ramparts          Ice            26%        1d4       13%         3
 Ozocubu's Armour         Ice            13%        N/A       13%         3
 Hailstorm                Conj/Ice       7%         3d4       67%         4

Inventory:

Hand Weapons
 c - a +0 club {mace}
   (You took it off a kobold on level 1 of the Dungeon)
Armour
 a - a +0 robe (worn)
 f - the +0 barding "Igysam" (worn) {MP+9}
   (You acquired it on level 1 of the Dungeon)

   MP:        It affects your magic capacity (+9).
 g - a +0 scale mail
   (You found it on level 1 of the Dungeon)
Scrolls
 d - a scroll of poison {unknown}
Potions
 b - a potion of magic
 e - a potion of attraction {unknown}

Dungeon Overview and Level Annotations

Branches:
Dungeon (1/15)

Altars:

..................##
###.................
#............>..## #
####.#.#........##
#. #..†...........
#.#
###...###...#####
#..##.....#
###......
#........###...##..#
##.@........... #..#
#l......#### #..##.
#.......# #..##.
.J......# ..##.<#
.........# #.. #..#
...>......# ## ..##.
#..........# #.. .
#.........r# ..# #
...


You could see an endoplasm (asleep), a frilled lizard and a rat (asleep).


Message History

🤖 Initializing magus.rc ...
Bad channel name for runrest: 'pray:' ✅ Successfully initialized magus.rc [v1.9.6] Welcome, zeratav the Naga Ice Elementalist.
Game seed: 13571357097206540364 (custom seed) Press ? for a list of commands and other information.
Found a staircase leading out of the dungeon.
A kobold comes into view. It is wielding a +0 club.
Found a stone staircase leading down.
Aiming: Freeze (safe; 4% risk of failure)
Press: ? - help, Q - select action, (/) - cycle Shift-Dir - straight line, f - you
Okay, then.
Found an escape hatch in the floor.
The splash of poison hits the kobold.
The kobold is poisoned.
You kill the kobold!
No target in view!
c - a +0 club {mace} You have got your breath back.
You now have 7 gold pieces.
A ball python comes into view.
A ball python is nearby!
A ball python is nearby!
The splash of poison hits the ball python.
The ball python is poisoned.
You kill the ball python!
d - a scroll labelled SAXZIM COIDGH You have got your breath back.
e - a fuming green potion
f - a scroll labelled ADAIMO SOFUMON This is a scroll of acquirement!
Something appears before you!
f - the +0 barding "Igysam" {MP+9}
Okay, then.
You start putting on your armour.
You continue putting on the +0 barding "Igysam" {MP+9}. x4
You finish putting on the +0 barding "Igysam" {MP+9}.
g - a +0 scale mail A rat comes into view.
MP[+9]
Your mp is fully restored (12).
You can't see any hostile targets in range.
A frilled lizard comes into view.
The splash of poison hits the rat.
The rat is poisoned.
You can't do that yet.
You can't do that yet.
You kill the rat!
An endoplasm comes into view.
Found a stone staircase leading down.
You have got your breath back.
A rat comes into view.
Really attack while wielding nothing? [Y]es or [N]o only, please.
Really attack while wielding nothing? [Y]es or [N]o only, please.
Really attack while wielding nothing? [Y]es or [N]o only, please.
Really attack while wielding nothing? [Y]es or [N]o only, please.
Really attack while wielding nothing? [Y]es or [N]o only, please.
Really attack while wielding nothing? [Y]es or [N]o only, please.
Really attack while wielding nothing? [Y]es or [N]o only, please.
Really attack while wielding nothing? [Y]es or [N]o only, please.
Really attack while wielding nothing? [Y]es or [N]o only, please.
Really attack while wielding nothing? [Y]es or [N]o only, please.
Really attack while wielding nothing? [Y]es or [N]o only, please.
Really attack while wielding nothing? [Y]es or [N]o only, please.
Really attack while wielding nothing? [Y]es or [N]o only, please.
Really attack while wielding nothing? [Y]es or [N]o only, please.
Really attack while wielding nothing? [Y]es or [N]o only, please.
Really attack while wielding nothing? [Y]es or [N]o only, please.
Really attack while wielding nothing? [Y]es or [N]o only, please.
Really attack while wielding nothing? [Y]es or [N]o only, please.
Really attack while wielding nothing? [Y]es or [N]o only, please.
Really attack while wielding nothing? [Y]es or [N]o only, please.
Really attack while wielding nothing?
The helpless frilled lizard fails to defend itself.
You hit the frilled lizard.
The frilled lizard bites you but does no damage.
Are you sure you want to abandon this character and quit the game? (Confirm with "yes".)

Action                   || total
-------------------------++-------
Melee: Unarmed           ||     1
 Abil: Spit Poison       ||     3
  Use: Scroll            ||     1
 Stab: Sleeping          ||     1
Armor: Robe              ||     1

Levels and vault maps discovered:
D:1:      lightli_iron_boxes, layout_rooms

Notes
Turn   | Place    | Note
-------+----------+-------------------------------------------
     0 | D:1      | zeratav the Naga Ice Elementalist began the quest for the
                  | Orb.
     0 | D:1      | Reached XP level 1. HP: 15/15 MP: 3/3
     0 | D:1      | magus.rc [v1.9.6]
    39 | D:1      | Identified a scroll of acquirement
    39 | D:1      | Acquired the +0 barding "Igysam" {MP+9}
   139 | D:1      | Quit the game

Vanquished Creatures
  A ball python (D:1)
  A kobold (D:1)
  A rat (D:1)
3 creatures vanquished.

Table legend:
 A = Non-vault XP
 B = Vault XP
 C = Vault XP percentage of total XP
 D = Non-vault monster count
 E = Vault monster count
 F = Vault count percentage of total count
                 A         B        C        D         E       F
            +---------+---------+-------+---------+---------+-------
      Total |       4 |       0 |   0.0 |       3 |       0 |   0.0
            +---------+---------+-------+---------+---------+-------
        D:1 |       4 |       0 |   0.0 |       3 |       0 |   0.0
            +---------+---------+-------+---------+---------+-------

Illustrated notes

Table legend:
 A = Kills in this place as a percentage of kills in entire the game.
 B = Kills by you in this place as a percentage of kills by you in the entire game.
 C = Kills by friends in this place as a percentage of kills by friends in the entire game.
 D = Other kills in this place as a percentage of other kills in the entire game.
 E = Experience gained in this place as a percentage of experience gained in the entire game.
 F = Experience gained in this place divided by the number of levels of this place that you have seen.
                   A       B       C       D       E      F
               +-------+-------+-------+-------+-------+----------------------
         Total | 100.0 | 100.0 |   N/A |   N/A | 100.0 |   4.0
       Dungeon | 100.0 | 100.0 |   N/A |   N/A | 100.0 |   4.0
               +-------+-------+-------+-------+-------+----------------------

Table legend: (Time is in decaauts)
 A = Elapsed time spent in this place.
 B = Non-inter-level travel time spent in this place.
 C = Inter-level travel time spent in this place.
 D = Time resting spent in this place.
 E = Time spent auto-exploring this place.
 F = Levels seen in this place.
 G = Mean time per level.
                   A        B        C        D        E       F      G
               +--------+--------+--------+--------+--------+-----+--------+
         Total |    159 |    159 |      0 |      0 |    125 |   1 |  159.0 |
       Dungeon |    159 |    159 |      0 |      0 |    125 |   1 |  159.0 |
               +--------+--------+--------+--------+--------+-----+--------+

Top non-repeatable levels by time:
     D:1: 159 daAuts
